 Dungeon Crawl Stone Soup version 0.20.0-8-g6b59dc7 (webtiles) character file.

1621 cereshysteria the Spear-Bearer (level 8, -14/64 HPs)
             Began as a Minotaur Monk on May 31, 2017.
             Was a Believer of Yredelemnul.
             Demolished by a two-headed ogre
             ... wielding a +0 giant spiked club
              (20 damage)
             ... on level 6 of the Dungeon.
             The game lasted 00:13:28 (5174 turns).

cereshysteria the Spear-Bearer (Minotaur Monk)      Turns: 5174, Time: 00:13:29

Health: -14/64     AC:  8    Str: 16    XL:     8   Next: 64%
Magic:  10/10      EV: 19    Int:  7    God:    Yredelemnul [**....]
Gold:   346        SH:  0    Dex: 20    Spells: 7/7 levels left

rFire    . . .     SeeInvis +   h - +2 halberd (protect)
rCold    . . .     Gourm    .   (shield currently unavailable)
rNeg     . . .     Faith    .   y - +2 robe
rPois    .         Spirit   .   (helmet restricted)
rElec    .         Reflect  .   e - +0 cloak
rCorr    .         Harm     .   s - +0 pair of gloves (curse)
MR       .....                  v - +1 pair of boots
Stlth    +++.......             (no amulet)
Regen    0.2/turn               i - ring of wizardry
MPRegen  0.2/turn               C - ring of see invisible

@: agile
A: retaliatory headbutt, horns 2
a: Animate Remains, Recall Undead Slaves, Injury Mirror, Renounce Religion


You were on level 6 of the Dungeon.
You worshipped Yredelemnul.
Yredelemnul was pleased with you.
You were not hungry.

You visited 2 branches of the dungeon, and saw 8 of its levels.

You collected 346 gold pieces.

Inventory:

Hand Weapons
 a - a +1 mace
 h - a +2 halberd of protection (weapon)
Armour
 e - a +0 cloak (worn)
 s - a cursed +0 pair of gloves (worn)
 v - a +1 pair of boots (worn)
 y - a +2 robe (worn)
 B - a +0 ring mail of cold resistance
Jewellery
 i - a ring of wizardry (left hand)
 C - a ring of see invisible (right hand)
 G - an uncursed ring of protection from magic {unknown}
Wands
 j - a wand of scattershot (1/9)
 p - a wand of digging (4/24)
 A - a wand of random effects (15/48)
 F - a wand of lightning (11/15)
Scrolls
 g - 2 scrolls of amnesia
 k - 10 scrolls of identify
 l - 2 scrolls of remove curse
 o - a scroll of teleportation
 q - a scroll of fear
 D - a scroll of noise {unknown}
Potions
 b - 2 potions of flight {unknown}
 f - a potion of brilliance
 m - 2 potions of degeneration {unknown}
 n - a potion of experience {unknown}
 r - a potion of lignification {unknown}
 t - a potion of heal wounds {unknown}
 u - a potion of berserk rage {unknown}
 w - 5 potions of curing
 E - a potion of haste
Comestibles
 c - 9 bread rations
 d - 5 meat rations
 x - 2 royal jellies


   Skills:
 - Level 3.6 Fighting
 - Level 7.2 Maces & Flails
 + Level 10.2 Polearms
 - Level 3.2 Dodging
 - Level 1.5 Stealth
 + Level 4.0 Invocations


You had 7 spell levels left.
You didn't know any spells.

Dungeon Overview and Level Annotations

Branches:
Dungeon (7/15)             Temple (1/1) D:4

Altars:
Ashenzari
Cheibriados
Dithmenos
Elyvilon
Fedhas
Gozag
Hepliaklqana
Kikubaaqudgha
Makhleb
Nemelex Xobeh
Okawaru
Qazlal
Ru
Sif Muna
Trog
Uskayaw
Xom
Yredelemnul
Zin
The Shining One


Innate Abilities, Weirdness & Mutations

You reflexively headbutt those who attack you in melee.
You have a pair of horns on your head.


Message History

As you read the scroll of fear, it crumbles to dust.
You assume a fearsome visage.
The two-headed ogre looks frightened!
Cornered, the two-headed ogre turns to fight!
The two-headed ogre completely misses you.
The two-headed ogre hits you with a giant spiked club!
* * * LOW HITPOINT WARNING * * *
There is a stone staircase leading down here.
You climb downwards.
Found a long sword and 16 gold pieces.
Found a stone staircase leading up.
There is a stone staircase leading up here.
The two-headed ogre misses you.
The two-headed ogre hits you with a giant spiked club!
* * * LOW HITPOINT WARNING * * *
You climb upwards.
The two-headed ogre closely misses you.
The two-headed ogre completely misses you.
There is a stone staircase leading down here.
The two-headed ogre barely misses you.
The two-headed ogre closely misses you. x2
The two-headed ogre hits you with a giant spiked club!!
You die...
Your body rises from the dead as a mindless zombie.

......#.##..#### ##.#Z#
##..#(..)).....#####.###
##..###.#.###.###....O#
...#...##.# #.##..#####
#########.# #.##.##
###.###.##.#
#.......##.#
#.#.######O####### #.#.#
#@O.....# #.#.#
#######.# ####.#.# #.#
####....#.# #.#
...#.####.# #.#
##........# #.#
####>###### #.# # #.#
#.# # #.# ### #.#


You could see 2 two-headed ogres.

Vanquished Creatures
  Grinder (D:3)
  Sigmund (D:3)
  2 ogres (D:4)
  2 centaurs
  A killer bee (D:6)
  A howler monkey (D:4)
  A crimson imp (D:5)
  A hound (D:4)
  5 orc priests
  A bullfrog skeleton (D:5)
  7 orc wizards
  An iguana (D:4)
  Natasha (D:3)
  3 worker ants (D:4)
  8 gnolls (D:2)
  9 adders
  2 oozes (D:3)
  An adder skeleton (D:4)
  2 worms
  2 dart slugs
  8 leopard geckos
  18 orcs
  3 ball pythons
  8 giant cockroaches
  5 goblins
  4 hobgoblins
  2 jackals (D:1)
  4 quokkas
  7 bats
  24 frilled lizards
  A jackal skeleton (D:5)
  9 kobolds
  2 quokka skeletons (D:6)
  8 rats
155 creatures vanquished.

Vanquished Creatures (others)
  A centaur zombie (D:6)
  An orc zombie (D:6)
2 creatures vanquished.

Grand Total: 157 creatures vanquished

Notes
Turn   | Place    | Note
-------+----------+-------------------------------------------
     0 | D:1      | cereshysteria the Minotaur Monk began the quest for the Orb.
     0 | D:1      | Reached XP level 1. HP: 19/19 MP: 0/0
    42 | D:1      | Reached XP level 2. HP: 18/26 MP: 1/1
   437 | D:1      | Reached skill level 5 in Maces & Flails
   450 | D:1      | Reached XP level 3. HP: 30/31 MP: 2/2
  1182 | D:2      | Reached XP level 4. HP: 39/39 MP: 3/3
  1782 | D:2      | Reached XP level 5. HP: 37/45 MP: 4/4
  2152 | D:3      | Reached skill level 1 in Polearms
  2306 | D:3      | Reached skill level 2 in Polearms
  2309 | D:3      | Reached skill level 3 in Polearms
  2435 | D:3      | Reached XP level 6. HP: 49/51 MP: 5/5
  2568 | D:3      | Found an iron altar of Okawaru.
  2707 | D:3      | Noticed Sigmund
  2707 | D:3      | Noticed Natasha
  2723 | D:3      | Killed Sigmund
  2723 | D:3      | Reached skill level 5 in Polearms
  2727 | D:3      | Killed Natasha
  2821 | D:3      | Noticed Grinder
  2834 | D:3      | Killed Grinder
  2834 | D:3      | Reached skill level 7 in Polearms
  2834 | D:3      | Reached XP level 7. HP: 11/57 MP: 6/6
  3320 | D:4      | Reached skill level 8 in Polearms
  3736 | D:4      | Found a staircase to the Ecumenical Temple.
  3751 | D:4      | Reached skill level 9 in Polearms
  3751 | D:4      | Reached XP level 8. HP: 39/64 MP: 7/7
  3781 | Temple   | Entered the Ecumenical Temple
  3892 | Temple   | Became a worshipper of Yredelemnul the Dark
  3892 | Temple   | Reached * piety under Yredelemnul
  3892 | Temple   | Reached ** piety under Yredelemnul
  4109 | D:4      | Found a glowing silver altar of Zin.
  4109 | D:4      | Found a deep blue altar of Sif Muna.
  4464 | D:5      | Entered Level 5 of the Dungeon
  4474 | D:4      | Reached skill level 1 in Invocations
  4694 | D:5      | Reached skill level 10 in Polearms
  4824 | D:5      | Found a sacrificial altar of Ru.
  5149 | D:6      | Noticed a two-headed ogre
  5154 | D:6      | Noticed a two-headed ogre
  5174 | D:6      | Demolished by a two-headed ogre

Skill      XL: |  1  2  3  4  5  6  7  8 |
---------------+-------------------------+-----
Maces & Flails | 4 5 6 7 |  7.2
Polearms       | 3 7 9 10 | 10.2
Invocations    | 4 |  4.0
Fighting       | |  3.6
Dodging        | |  3.2
Stealth        | |  1.5

Action                   |  1- 3 |  4- 6 |  7- 9 || total
-------------------------+-------+-------+-------++-------
Melee: Mace              |    93 |    61 |       ||   154
       Headbutt          |     9 |    16 |    26 ||    51
       Halberd           |       |    78 |   157 ||   235
Invok: Animate Remains   |       |       |     3 ||     3
  Use: Scroll            |     5 |     5 |     4 ||    14
       Potion            |       |     1 |     2 ||     3
 Stab: Sleeping          |     4 |     9 |     3 ||    16
       Distracted        |       |       |     1 ||     1
  Eat: Chunk             |     1 |     2 |     3 ||     6
       Bread ration      |       |     1 |     1 ||     2
       Royal jelly       |       |       |     1 ||     1
Armor: Robe              |    19 |    12 |    54 ||    85
       Leather armour    |       |    13 |       ||    13
Dodge: Dodged            |    66 |    83 |   102 ||   251
